 Dungeon Crawl Stone Soup version 0.31.0-11-ge490571c62 (webtiles) character file.

Game seed: 65336553646348813

173 jasper the Sneak (level 5, 0/39 HPs)
             Began as a Vampire Brigand on Jan 31, 2024.
             Slain by an ogre
             ... wielding a +0 giant club
              (15 damage)
             ... on level 6 of the Dungeon.
             The game lasted 00:03:37 (2356 turns).

jasper the Sneak (Vampire Brigand)                  Turns: 2356, Time: 00:03:37

Health: 0/39       AC:  5    Str: 10    XL:     5   Next: 28%
Magic:  5/5        EV: 12    Int: 14    God:
Gold:   85         SH:  0    Dex: 17    Spells: 4/4 levels left

rFire   . . .        a - +2 dagger
rCold   . . .        (no shield)
rNeg    . . .        i - +0 leather armour
rPois   .            (no helmet)
rElec   .            c - +0 cloak
rCorr   .            (no gloves)
SInv    +            r - +0 pair of boots
Will    .....        (no amulet)
Stlth   +++          (no ring)
HPRegen 0.46/turn    (no ring)
MPRegen 0.09/turn

%: no passive effects
@: healing quickly
A: alive, fangs 3, see invisible, vampiric 2
a: Exsanguinate


You were on level 6 of the Dungeon.
You visited 1 branch of the dungeon, and saw 5 of its levels.

You collected 197 gold pieces.
You spent 112 gold pieces at shops.

Inventory:

Hand Weapons
 a - a +2 dagger (weapon)
 h - a +0 falchion
 k - a +0 arbalest
 s - a +0 long sword
Missiles
 d - 9 poisoned darts (quivered)
 e - 3 curare-tipped darts
 f - 35 stones
 j - a throwing net
 t - 3 atropa-tipped darts
Armour
 b - a +0 robe
 c - a +0 cloak (worn)
 i - a +0 leather armour (worn)
 r - a +0 pair of boots (worn)
 u - a +0 chain mail
Wands
 g - a wand of acid (10)
Potions
 l - a potion of attraction
 m - a potion of might {unknown}
 n - a potion of haste
 p - a potion of brilliance {unknown}
 q - a potion of enlightenment {unknown}


   Skills:
 - Level 2.4 Fighting
 - Level 2.1(3.6) Short Blades
 + Level 4.0(4.2) Long Blades
 - Level 1.5 Throwing
 - Level 1.1 Armour
 - Level 2.0 Dodging
 - Level 5.8 Stealth


You had 4 spell levels left.
You didn't know any spells.
Your spell library contained the following spells:

 Spells                   Type           Power      Damage    Failure   Level
 Summon Small Mammal      Summ           0%         N/A       36%         1
 Cigotuvi's Dreadful Rot  Necr/Alch/Air  0%         N/A       52%         2
 Call Canine Familiar     Summ           0%         N/A       75%         3
 Dispel Undead            Necr           0%         3d6       98%         4
 Martyr's Knell           Necr/Summ      0%         N/A       98%         4
 Summon Blazeheart Golem  Fire/Summ      0%         N/A       98%         4
 Death Channel            Necr           0%         N/A       100%        6


Dungeon Overview and Level Annotations

Branches:
Dungeon (4/15)
 Temple: D:4-7

Altars:
Ru

Shops:
D:3 [(

Annotations:
D:6 Jeremiah


Innate Abilities, Weirdness & Mutations

Your natural rate of healing is accelerated.
You have razor-sharp teeth.
You have supernaturally acute eyesight. (SInv)
You are afflicted with vampirism and can become a bat while bloodless.


Message History

Your ufetubus dissolves into shadows!
As you read the scroll of summoning, it crumbles to dust.
Wisps of shadow whirl around you...
You swap places.
Your ogre closely misses the ogre.
The ogre hits your ogre with a +0 giant club!
Jeremiah hops!
Your ogre hits the ogre with a +0 giant club!
The ogre hits your ogre with a +0 giant club!!
Your ogre dies!
Your ogre's corpse dissolves into shadows!
The ogre hits your orc with a +0 giant club!!
Your orc dies!
Your orc's corpse dissolves into shadows!
Your adder bites the ogre.
The ogre misses your adder.
Your adder bites the ogre.
Your adder barely misses the ogre.
The ogre misses your adder.
Your adder barely misses the ogre.
Your adder barely misses the ogre.
The ogre closely misses your adder.
Your adder bites the ogre.
The ogre is poisoned.
Your adder poisons the ogre!
Your adder bites the ogre.
The ogre hits your adder with a +0 giant club!!
Your adder dies!
Your adder's corpse dissolves into shadows!
The ogre hits your bombardier beetle with a +0 giant club!
Your bombardier beetle bites the ogre but does no damage.
The ogre hits your bombardier beetle with a +0 giant club!!
Your bombardier beetle dies!
Your bombardier beetle's corpse dissolves into shadows!
The butterfly disappears in a burst of colours!
You hit the ogre.
The ogre is severely wounded.
Jeremiah hops!
The ogre hits you with a +0 giant club!
You hit the ogre.
The ogre is severely wounded.
The ogre looks more healthy.
The butterfly disappears in a burst of colours!
You hit the ogre but do no damage. You bite the ogre.
The ogre is almost dead.
The ogre hits you with a +0 giant club!
You die... #.##.#.### b...bFbb

#.#.bb#
#b###b#..#
..OFb...b#
########.#
#†# #O#
#####@#
#.....#
#.#####
#.# #.#
#.# #.#
#######.##
#........#


You could see Jeremiah and an ogre.

Vanquished Creatures
  A black bear (D:4)
  An adder (D:2)
  An orc (D:3)
  3 ball pythons
  5 bats
  5 endoplasms
  A giant cockroach (D:4)
  2 goblins
  A hobgoblin (D:2)
  9 kobolds
  3 frilled lizards
  4 rats
36 creatures vanquished.

Vanquished Creatures (collateral kills)
  A hound (D:6)
  A shadow imp (D:6)
2 creatures vanquished.

Grand Total: 38 creatures vanquished

Notes
Turn   | Place    | Note
-------+----------+-------------------------------------------
     0 | D:1      | jasper the Vampire Brigand began the quest for the Orb.
     0 | D:1      | Reached XP level 1. HP: 16/16 MP: 1/1
   417 | D:1      | Reached XP level 2. HP: 21/22 MP: 2/2
  1206 | D:2      | Reached skill level 1 in Armour
  1206 | D:2      | Gained mutation: You are afflicted with vampirism and can
                  | become a bat while bloodless. [Vampire growth]
  1206 | D:2      | Reached XP level 3. HP: 24/28 MP: 3/3
  1419 | D:2      | Found a sacrificial altar of Ru.
  1804 | D:3      | Found a faded altar of an unknown god.
  2143 | D:3      | Found Guemott's Armour Shoppe.
  2164 | D:3      | Bought a +0 pair of boots for 63 gold pieces
  2170 | D:3      | Found Xitzer's Weapon Emporium.
  2178 | D:3      | Bought a +0 long sword for 49 gold pieces
  2221 | D:4      | Reached skill level 1 in Long Blades
  2236 | D:4      | Noticed a black bear
  2242 | D:4      | Killed a black bear
  2243 | D:4      | Reached XP level 4. HP: 34/34 MP: 4/4
  2259 | D:4      | You fall into a shaft and drop 2 floors!
  2312 | D:6      | Noticed Jeremiah
  2320 | D:6      | Noticed an ogre
  2329 | D:6      | Reached XP level 5. HP: 17/38 MP: 5/5
  2356 | D:6      | Slain by an ogre

Illustrated notes

Levels and vault maps discovered:
D:1:      tarquinn_simple_flora_water_a, layout_basic
D:2:      cheibrodos_helix_gallery, layout_loops_cross, basic_altar
D:3:      layout_rooms, nicolae_ecumenical_pavilion, serial_shops, shop,
          nicolae_diamond_shop, minmay_misc_feat_five
D:4:      layout_basic, minmay_temple_entry_antechambers, uniq_natasha
D:6:      layout_loops_ring, mainiacjoe_overflow_alcove_4, minmay_diced_spiral,
          uniq_maggie, uniq_jeremiah, uniq_prince_ribbit1

Skill      XL: |  1  2  3  4  5 |
---------------+----------------+-----
Fighting       | 2 |  2.4
Armour         | 1 |  1.1
Dodging        | 2 |  2.0
Long Blades    | 3 4 |  4.0
Short Blades   | |  2.1
Throwing       | |  1.5
Stealth        | |  5.8

Action                     |  1- 3 |  4- 6 || total
---------------------------+-------+-------++-------
  Melee: Dagger            |    90 |    13 ||   103
         Bite              |     5 |     1 ||     6
         Punch             |     1 |       ||     1
    Use: Scroll            |    10 |     2 ||    12
   Stab: Sleeping          |    10 |       ||    10
 Armour: Robe              |     7 |       ||     7
         Leather armour    |    44 |     8 ||    52
  Dodge: Dodged            |    42 |     4 ||    46
